[Event "Early-Titled-Tuesday-Blitz-October-03-2023"]
[Site "Chess.com"]
[Date "2023.10.03"]
[Round "10"]
[White "Murad_Ibrahimli"]
[Black "Byniolus"]
[Result "1-0"]
[WhiteElo "2916"]
[BlackElo "2743"]
[TimeControl "180+1"]
[EndTime "9:57:48 PDT"]
[Termination "Murad_Ibrahimli won by resignation"]

1. d4 d6 2. Nf3 Bg4 3. Qd3 c6 4.
Qb3 Qb6 5. Nbd2 d5 6. Ne5 Bf5 7. c3 Nf6 8. e3 e6 9. a4 Nbd7 10. Nxd7 Kxd7 11. a5 Qxb3 12. Nxb3 Bd6 13. Be2 h6 14. f3 e5 15. Kf2 Rhe8 16. Bd2 a6 17. h3 Bc2 18. Nc5+ Bxc5 19. dxc5 Rad8 20. Rhc1 Bf5 21. g4 Be6 22. Ra4 Kc8 23. Be1 Nd7 24.
b4 f5 25. Kg3 g5 26. gxf5 Bxf5 27. Ra2 Nf6 28. Bd1 d4 29. cxd4 exd4 30. e4 Nh5+ 31.
Kh2 Nf4 32. Bg3 Bxh3 33. Bxf4 Be6 34. Bxg5 hxg5 35. Rd2 Rh8+ 36. Kg2 Rh4 37. Be2 Rdh8 38. Rg1 Bc4 39. Kf2 Rh2+ 40. Rg2 d3 41. Bf1 Rxg2+ 42. Kxg2 Rd8 43. Kf2 Bb5 44. Ke3 Rh8 45. Bxd3 Bxd3 46. Rxd3 Rh1 47. Rd4 Re1+ 48. Kf2 Rb1 49. Kg3 Rg1+ 50.
Kh3 Kc7 51. Kh2 Rb1 52. Kg2 Rc1 53. Kf2 Rb1 54. e5 Rb2+ 55. Ke3 Rb1 56. Ke4 Re1+ 57. Kf5 Re3 58. e6 Rxf3+ 59. Kxg5 Re3 60. Kf6 Rf3+ 61. Ke5 Re3+ 62. Re4 Rh3 63. Rd4 Rh5+ 64. Kf6 Rh6+ 65. Kf7 Rh7+ 66. Kg6 Rh4 67. Rxh4 1-0

[Event "Early-Titled-Tuesday-Blitz-October-03-2023"]
[Site "Chess.com"]
[Date "2023.10.03"]
[Round "10"]
[White "pasteta13"]
[Black "Malysch"]
[Result "0-1"]
[WhiteElo "2437"]
[BlackElo "2538"]
[TimeControl "180+1"]
[EndTime "9:57:48 PDT"]
[Termination "Malysch won by resignation"]

1. e4 Nf6 2. e5 Nd5 3. d4 d6 4. c4 Nb6 5. exd6 cxd6 6. Nc3 g6 7. Bd3 Bg7 8. Nge2 O-O 9. h3 Nc6 10.
Be3 Nb4 11. O-O Nxd3 12. Qxd3 Bf5 13. Ne4 Nxc4 14. Qxc4 Bxe4 15. d5 Bf5 16. Bd4 Rc8 17. Qb3 Qd7 18. Bxg7 Kxg7 19. Nd4 Rc5 20. Nxf5+ gxf5 21.
Rad1 Rfc8 22. Rfe1 R8c7 23. Qg3+ Kh8 24. Qg5 Rc2 25.
Rd3 f6 26. Qh6 Qe8 27. Qxf6+ exf6 28. Rxe8+ Kg7 29. Rg3+ Kf7 30. Rh8 f4 31. Rxh7+ Kf8 32. Rh8+ Kf7 33. Rg4 f5 34. Rg5 Kf6 35. h4 Rxb2 36.
Re8 Rxa2 37. Re6+ Kf7 38. Rxf5+ Kg7 39. Rxf4 Rd7 40. Rff6 b5 41. Rxd6 Rxd6 42. Rxd6 b4 43. Rd7+ Kf6 44. Rb7 a5 45. h5 Kg5 46. d6 Rd2 47.
Rb5+ Kh6 48. Rxa5 b3 49. Rb5 b2 50. d7 Kg7 51. Rxb2 Rxd7 52. Rb5 Kh6 53. g3 Rd3 54. Kg2 Rc3 55. Kh3 Rb3 56. Kg2 Rxb5 0-1

[Event "Early-Titled-Tuesday-Blitz-October-03-2023"]
[Site "Chess.com"]
[Date "2023.10.03"]
[Round "10"]
[White "BlueWizzard"]
[Black "BardArtem"]
[Result "0-1"]
[WhiteElo "2946"]
[BlackElo "2790"]
[TimeControl "180+1"]
[EndTime "9:57:49 PDT"]
[Termination "BardArtem won on time"]

1. e4 d5 2. exd5 Qxd5 3. Nc3 Qe5+ 4. Nge2 Nf6 5. d4 Qa5 6. Bd2 c6 7. Nf4 Qd8 8. Be3 Bf5 9. h3 h6 10. g4 Bh7 11. h4 Ne4 12. Bd3 Nxc3 13. bxc3 Bxd3 14.
Qxd3 e6 15. Rg1 Qxh4 16. Rb1 Qe7 17. Qe4 Qc7 18. Kd2 Nd7 19. g5 O-O-O 20. Nd3 Nb6 21.
Rb3 hxg5 22. Bxg5 Rd5 23. Bf4 Bd6 24. Rxg7 Bxf4+ 25. Nxf4 Rf5 26. Rg4 Nd5 27. Nd3 Nf6 28. Qg2 Nxg4 29. Qxg4 Qh2 30. Kc1 Qh3 31. Qe4 Qh1+ 32.
Qxh1 Rxh1+ 33. Kd2 Ra5 34. c4 Rxa2 35. Nc5 b6 36.
Ne4 Raa1 37. Nd6+ Kc7 38. Nxf7 Rh2 39. Rf3 Rf1 40. Ke2 Rc1 41. Kd2 Rf1 42. Ke2 Ra1 43. Ng5 Kb7 44. Nxe6 Ra2 45. Kd3 Ra3+ 46. c3 Ra2 47.
Rf7+ Ka6 48. Nc7+ Ka5 49. Nd5 a6 50. Nb4 Raxf2 51. Nxc6+ Ka4 52. Ra7 Kb3 53. Rxa6 Rf3+ 54. Ke4 Rxc3 55. Kd5 Rxc4 56. Rxb6+ Kc3 57. Ra6 Rh5+ 58.
Ne5 Rxd4+ 59. Ke6 Rh6+ 60. Kf5 Rxa6 0-1

[Event "Early-Titled-Tuesday-Blitz-October-03-2023"]
[Site "Chess.com"]
[Date "2023.10.03"]
[Round "10"]
[White "Sethu0025"]
[Black "vasblesk"]
[Result "1/2-1/2"]
[WhiteElo "2864"]
[BlackElo "2744"]
[TimeControl "180+1"]
[EndTime "9:57:52 PDT"]
[Termination "Game drawn by repetition"]

1. d4 d5 2. c4 c6 3. Nf3 Nf6 4. e3 e6 5. Nc3 Nbd7 6. Bd3 dxc4 7. Bxc4 b5 8. Bd3 Bd6 9. Qc2 Bb7 10. e4 e5 11. Bg5 h6 12. Bh4 b4 13. Ne2 c5 14.
dxe5 Nxe5 15. Nxe5 Bxe5 16. f4 Bd4 17. Nxd4 Qxd4 18.
Bf2 Qd7 19. O-O-O O-O 20. Kb1 c4 21. Qxc4 Rac8 22. Qxb4 a5 23. Qd4 Qxd4 24. Bxd4 Nxe4 25. Rhe1 f5 26. Bc2 g5 27. Be5 Rfd8 28. Bb3+ Kf8 29. Be6 Ra8 30. Bxf5 Nd2+ 31. Ka1 Bxg2 32. Bf6 Rd5 33. Be6 Rd3 34. Re2 Ra6 35. f5 Rxe6 36.
fxe6 Nb3+ 37. axb3 Rxd1+ 38. Ka2 Bd5 39. e7+ Ke8 40.
Rc2 Be6 41. Rc6 Bd7 42. Ra6 Kf7 43. Bc3 Kxe7 44. Rxh6 Rd5 45. Ra6 g4 46. Bxa5 Rh5 47.
Bc7 Be6 48. Ka3 Rh3 49. Bg3 Kd7 50. b4 Rh5 51. Ka4 Bc4 52. Rd6+ Ke7 53. b3 Bb5+ 54. Ka3 Bd7 55. Rb6 Rb5 56. Rh6 Rf5 57. Kb2 Rf3 58. Bd6+ Ke8 59. Bg3 Ke7 60. Rh5 Rf5 61. Rh7+ Rf7 62. Rh6 Rf3 1/2-1/2

[Event "Early-Titled-Tuesday-Blitz-October-03-2023"]
[Site "Chess.com"]
[Date "2023.10.03"]
[Round "10"]
[White "Kgutierrez95"]
[Black "ploxoi"]
[Result "0-1"]
[WhiteElo "2223"]
[BlackElo "2462"]
[TimeControl "180+1"]
[EndTime "9:57:54 PDT"]
[Termination "ploxoi won on time"]

1. e4 c5 2. Nf3 e6 3. d4 cxd4 4. Nxd4 Nc6 5. Nc3 Qc7 6. Ndb5 Qb8 7. Be3 a6 8. Nd4 Nf6 9. Be2 Be7 10. O-O O-O 11. f4 d6 12. Kh1 Re8 13. f5 Nxd4 14.
Bxd4 b5 15. a3 Bb7 16. fxe6 fxe6 17. Bf3 e5 18. Be3 Qc7 19. Bg5 Rac8 20. Bxf6 Bxf6 21. Qd2 Qc5 22. Rad1 Red8 23. Rf2 Rc7 24. Nd5 Bxd5 25.
Qxd5+ Qxd5 26. Rxd5 Kf8 27. Rfd2 Ke7 28. c3 Rc4 29. g3 Rdc8 30. h4 R8c7 31. Rxd6 R4c6 32. R6d5 Rc5 33. Bg4 Rxd5 34. Rxd5 Rb7 35. Kg2 g6 36.
Kf2 h5 37. Be2 Rb6 38. Ke3 Bg7 39. Bf1 Bh6+ 40. Ke2 Bc1 41. Rxe5+ Kf6 42. Rd5 Bxb2 43. Kd3 Bxa3 44. Bh3 Bd6 45. Bd7 Bxg3 46. Kd4 Bf2+ 47. Kd3 Bxh4 48. e5+ Ke7 49. Bh3 Rb7 50. e6 Bf6 51.
Rd7+ Rxd7+ 52. exd7 g5 53. Bf5 g4 54. Ke4 Bxc3 55. Kd5 Kd8 56. Kc6 Bd4 57. Bd3 h4 58.
Be2 g3 59. Bf1 b4 60. Kd5 b3 61. Kc4 b2 62. Bd3 g2 0-1

[Event "Early-Titled-Tuesday-Blitz-October-03-2023"]
[Site "Chess.com"]
[Date "2023.10.03"]
[Round "10"]
[White "pankajfm"]
[Black "Ariadna_Atreides"]
[Result "1-0"]
[WhiteElo "2111"]
[BlackElo "2191"]
[TimeControl "180+1"]
[EndTime "9:57:57 PDT"]
[Termination "pankajfm won on time"]

1. e4 c6 2. d4 d5 3. exd5 cxd5 4. Bd3 Nf6 5. Bf4 Bg4 6. Ne2 e6 7. h3 Bh5 8. c3 Nc6 9. Qb3 Qd7 10. Bg5 Bg6 11.
Nf4 Bd6 12. Nxg6 hxg6 13. Nd2 Rh5 14. Nf3 O-O-O 15. O-O-O Kb8 16. Kb1 Na5 17. Qc2 Rc8 18.
g4 Rhh8 19. Ne5 Qc7 20. Qe2 Nc4 21. Bxc4 dxc4 22. Bf4 Nd5 23. Bg3 Rhf8 24. h4 Ka8 25.
h5 gxh5 26. gxh5 Qb6 27. Ka1 Qa5 28. Nxc4 Rxc4 29. Qxc4 Bxg3 30. fxg3 Ne3 31. Qc5 Qxc5 32. dxc5 Nxd1 33. Rxd1 Kb8 34. Kb1 Kc7 35. Kc2 Kc6 36. b4 Rh8 37. g4 g6 38. hxg6 Rh2+ 39. Kb3 fxg6 40. Rd6+ Kc7 41. Rxe6 g5 42. Rg6 a5 43.
Rg7+ Kc6 44. a3 axb4 45. axb4 Rg2 46. Rxg5 Rg3 47. Kc4 b5+ 48. cxb6 Kxb6 49. Rg6+ Kc7 50. g5 Kd7 51. Kb5 Ke7 52. c4 Rg4 53. Rc6 Kf7 54. c5 Rxg5 55. Rc7+ Ke6 56. Kb6 Kd5 57. b5 Rg6+ 58.
Rc6 Rg7 59. Rd6+ 1-0

[Event "Early-Titled-Tuesday-Blitz-October-03-2023"]
[Site "Chess.com"]
[Date "2023.10.03"]
[Round "10"]
[White "Eagle_2019"]
[Black "igorkovalenko"]
[Result "1-0"]
[WhiteElo "2720"]
[BlackElo "2873"]
[TimeControl "180+1"]
[EndTime "9:58:00 PDT"]
[Termination "Eagle_2019 won by resignation"]

1. d4 Nf6 2. c4 e6 3. Nf3 b6 4. g3 Ba6 5. b3 d5 6. cxd5 Bb4+ 7.
Bd2 Bxd2+ 8. Qxd2 Ne4 9. Qb2 exd5 10. Bg2 O-O 11. O-O Re8 12. Re1 c5 13. Nbd2 Nc6 14. dxc5 bxc5 15. Nxe4 dxe4 16. Nd2 f5 17. Rac1 Nd4 18.
Nc4 Qf6 19. e3 Bxc4 20. exd4 Bd3 21. Rxc5 Rad8 22. Qc3 Qxd4 23. Qxd4 Rxd4 24. Rxf5 Re7 25. Rc1 g6 26. Rfc5 a6 27. Rc8+ Kg7 28. R8c7 Rdd7 29. Rxd7 Rxd7 30. Re1 Rd4 31. f3 exf3 32. Bxf3 Bb5 33.
Rd1 Rb4 34. Kf2 Be8 35. Rd8 Kf7 36. Ra8 Rb6 37. Ra7+ Kf6 38. Rxh7 Rd6 39. Ke3 Bb5 40.
Be4 Re6 41. Kf3 Rd6 42. Ke3 Re6 43. Kd4 Rd6+ 44. Kc3 Re6 45. Bd5 Re3+ 46. Kd4 Rd3+ 47. Kc5 Rd2 48. a4 Be2 49. Bc4 Rc2 50. Kb4 g5 51.
Bxe2 Rxe2 52. Ka5 Kg6 53. Rh8 Re6 54. b4 Kg7 55. Ra8 Rh6 56. Ra7+ Kg8 57. Rxa6 Rxh2 58. Rg6+ Kf7 59. Rxg5 Kf6 60. Rc5 Ke6 61. b5 Kd6 62.
Rc1 Kd5 63. b6 1-0

[Event "Early-Titled-Tuesday-Blitz-October-03-2023"]
[Site "Chess.com"]
[Date "2023.10.03"]
[Round "10"]
[White "a-z30"]
[Black "maracayo"]
[Result "1/2-1/2"]
[WhiteElo "2500"]
[BlackElo "2413"]
[TimeControl "180+1"]
[EndTime "9:58:01 PDT"]
[Termination "Game drawn - insufficient material"]

1. d3 d6 2. Nf3 Nf6 3. g3 e5 4.
Bg2 Be7 5. O-O O-O 6. c4 c6 7. Nc3 h6 8. b3 Nbd7 9. Qc2 Re8 10. e3 Bf8 11. d4 e4 12. Nd2 d5 13. cxd5 cxd5 14. Nb5 Re6 15. Qc7 Be7 16. Qxd8+ Bxd8 17. Ba3 a6 18. Nc3 b5 19. Rfc1 Bb7 20. Bc5 Nxc5 21. dxc5 Nd7 22. b4 Ne5 23. Bf1 Bf6 24. a4 Nc4 25.
Nxc4 bxc4 26. b5 Bxc3 27. Rxc3 axb5 28. Rb1 Rxa4 29. Rxb5 Re7 30. Rc1 Rc7 31. Rcb1 Ba6 32. Rb8+ Kh7 33. Rf8 c3 34. h4 Bxf1 35. Kxf1 Rc4 36.
Rc1 Kg6 37. Ke2 R4xc5 38. Rd8 Rb7 39. Rc2 Rb2 40. Kd1 Rcb5 41. Rxc3 Rxf2 42. Rd6+ Kf5 43.
Rc2 Rb1+ 44. Rc1 Rxc1+ 45. Kxc1 Ke5 46. Rd7 Rf3 47. Kd2 g5 48. h5 g4 49. Re7+ Kd6 50. Ra7 Rxg3 51. Rxf7 Rg2+ 52. Kc3 g3 53. Rf6+ Ke5 54. Rxh6 Rh2 55. Rg6 g2 56. h6 Kf5 57.
Rg8 Rxh6 58. Rxg2 Rg6 59. Rf2+ Ke5 60. Rf8 Rg3 61. Re8+ Kf5 62. Kd4 Rg1 63. Re5+ Kf6 64. Rxd5 Ke6 65. Kxe4 Rg4+ 66. Kf3 Kxd5 67. Kxg4 Ke4 68.
Kg3 Kxe3 1/2-1/2

[Event "Early-Titled-Tuesday-Blitz-October-03-2023"]
[Site "Chess.com"]
[Date "2023.10.03"]
[Round "10"]
[White "Alexei_Gubajdullin"]
[Black "JimDiGrease"]
[Result "0-1"]
[WhiteElo "2752"]
[BlackElo "2931"]
[TimeControl "180+1"]
[EndTime "9:58:08 PDT"]
[Termination "JimDiGrease won by resignation"]

1. d4 d5 2. Nf3 Nf6 3. Bf4 c5 4. e3 Nc6 5. Nbd2 Qb6 6. dxc5 Qxb2 7. c4 Bg4 8. Qb1 Qxb1+ 9. Rxb1 O-O-O 10. Ng5 Bh5 11.
g4 Bg6 12. Bh3 e6 13. Rb5 a6 14. Rb2 Bxc5 15. O-O Rd7 16. Bg3 Bd3 17. cxd5 Nxd5 18. Rc1 Ba7 19. Nge4 Bxe4 20. Nxe4 Rhd8 21. Nc5 Bxc5 22.
Rxc5 Ne7 23. g5 Rd5 24. Rcc2 Rxg5 25. Kf1 Rb5 26. Bg2 Rxb2 27. Rxb2 Rd1+ 28. Ke2 Rc1 29. Bd6 Nd5 30. Bg3 f5 31. Kd2 Ra1 32. e4 fxe4 33.
Bxe4 g6 34. Bf3 b5 35. Bg4 Kd7 36. Ke2 Rxa2 37. Rxa2 Nc3+ 38. Kd2 Nxa2 39. h4 Nab4 40. h5 gxh5 41. Bxh5 Nd5 42. Bf3 Nf6 43. Bh4 Nd5 44. Be4 h6 45. Bg3 Nce7 46. Be5 Nf5 47. Bh2 Kc6 48. Kc2 h5 49. Bf3 Nd4+ 50. Kd3 Nxf3 51. Bg3 h4 52. Bb8 Kb7 53. Bd6 Kc6 54. Bb8 h3 55.
Ke2 h2 56. Bxh2 Nxh2 57. f4 Nxf4+ 58. Kd2 Nd5 59. Kc2 b4 60. Kb3 Kb5 61. Ka2 a5 62. Kb3 a4+ 63. Kb2 Kc4 64. Kc2 a3 65. Kb1 b3 66.
Ka1 Kc3 67. Kb1 a2+ 68. Ka1 b2+ 69. Kxa2 Kc2 70. Ka3 b1=Q 0-1

[Event "Early-Titled-Tuesday-Blitz-October-03-2023"]
[Site "Chess.com"]
[Date "2023.10.03"]
[Round "10"]
[White "Daffidollchess2"]
[Black "zajka-molotok"]
[Result "0-1"]
[WhiteElo "2688"]
[BlackElo "2582"]
[TimeControl "180+1"]
[EndTime "9:58:09 PDT"]
[Termination "zajka-molotok won on time"]

1. e4 c5 2. Nf3 Nc6 3. d4 cxd4 4. Nxd4 Nf6 5. Nc3 e5 6. Ndb5 d6 7. Bg5 a6 8. Na3 b5 9. Nd5 Be7 10. Bxf6 Bxf6 11. c4 b4 12. Nc2 a5 13. g3 g6 14. h4 Bg7 15. h5 Be6 16. Bg2 Rc8 17.
b3 O-O 18. hxg6 hxg6 19. Qd2 Nd4 20. Nxd4 exd4 21. Nf4 d3 22. Rc1 Qg5 23. Qxd3 Bc3+ 24. Kf1 Be5 25. Ne2 Qf6 26. Bh3 Kg7 27. Kg2 Rh8 28.
Bxe6 fxe6 29. Rcd1 g5 30. Rxh8 Rxh8 31. Rh1 Rxh1 32.
Kxh1 Qxf2 33. c5 dxc5 34. Qd7+ Qf7 35. Qd3 Qf1+ 36. Kh2 Bd4 37. Qd2 Qf2+ 38. Kh3 Kf6 39. Kg4 Qe3 40. Qc2 a4 41. Nxd4 cxd4 42. bxa4 d3 43.
Qb2+ e5 44. Qxb4 Qe2+ 45. Kh3 Qf1+ 46. Kg4 Qe2+ 47. Kh3 d2 48. Qd6+ Kf7 49. Qd5+ Ke8 50. Qxe5+ Kd7 51. Qd5+ Kc7 52. Qc5+ Kb7 53. Qd5+ Kb6 54.
Qd6+ Ka5 55. Qc5+ Kxa4 56. Qd4+ Ka3 57. Qc3+ Kxa2 58. Qc2+ Ka3 59. Qc3+ Ka4 60. Qd4+ Kb3 61. Qb6+ Kc2 62. Qc5+ Kd3 63. Qd5+ Ke3 64. Qc5+ Kf3 65. Qf5+ Ke3 66. Qxg5+ Kf2 67. Qf4+ Ke1 0-1

[Event "Early-Titled-Tuesday-Blitz-October-03-2023"]
[Site "Chess.com"]
[Date "2023.10.03"]
[Round "10"]
[White "ferrufino64"]
[Black "Flaccidmoves"]
[Result "1-0"]
[WhiteElo "2242"]
[BlackElo "2443"]
[TimeControl "180+1"]
[EndTime "9:58:10 PDT"]
[Termination "ferrufino64 won on time"]

1. e4 Nf6 2. e5 Nd5 3. c4 Nb6 4.
d4 d6 5. exd6 exd6 6. Nc3 Bf5 7.
Bd3 Bxd3 8. Qxd3 Be7 9. Nge2 O-O 10. O-O Nc6 11. a3 Re8 12. b4 d5 13. c5 Nc4 14.
Bf4 Bf6 15. b5 N6a5 16. a4 c6 17. Rab1 Qc8 18. h3 g6 19. Ng3 h5 20. Rfe1 Qd7 21.
bxc6 bxc6 22. Nf1 Rxe1 23. Rxe1 Re8 24. Rxe8+ Qxe8 25. Ne3 Nxe3 26. Bxe3 Nc4 27. Nd1 Qb8 28. Qc2 Qb4 29. g3 Qe1+ 30. Kg2 Kg7 31. h4 Na3 32. Qd3 Nc4 33. Qc2 Qb4 34. Kf3 Qb8 35. Kg2 Qc8 36. Qd3 Qg4 37. Nc3 Nb2 38. Qd2 Nc4 39. Qd3 Bd8 40.
Ne2 Bc7 41. Bc1 Qe6 42. Bf4 Ba5 43. Bc1 Qe4+ 44. Qxe4 dxe4 45. Be3 f5 46. Nf4 Nxe3+ 47. fxe3 Kf6 48. Kf2 Kg7 49. Ne6+ Kh6 50. Ng5 Bd2 51. Nf7+ Kg7 52. Ne5 Kf6 53. Nxc6 g5 54. hxg5+ Kxg5 55. Ne5 Bb4 56. Nc4 f4 57. exf4+ Kg4 58. Ne5+ Kf5 59.
Ke3 Ba3 60. c6 Bc1+ 61. Kf2 Ke6 62. Ke2 e3 63. Nd3 Ba3 64. Ne5 Kd6 65. Kxe3 h4 66.
gxh4 a5 67. Ke4 Bc1 68. d5 Kc7 69. Nc4 1-0

[Event "Early-Titled-Tuesday-Blitz-October-03-2023"]
[Site "Chess.com"]
[Date "2023.10.03"]
[Round "10"]
[White "Aradhya2000"]
[Black "Alexandr_Predke"]
[Result "0-1"]
[WhiteElo "2715"]
[BlackElo "2888"]
[TimeControl "180+1"]
[EndTime "9:58:16 PDT"]
[Termination "Alexandr_Predke won by resignation"]

1. d4 Nf6 2. Nf3 e6 3. c4 Bb4+ 4. Nbd2 d5 5. Qa4+ Nc6 6. a3 Be7 7. e3 a5 8. Bd3 Bd7 9. Qc2 a4 10. O-O O-O 11. e4 dxe4 12. Nxe4 h6 13. Bf4 Na5 14.
Rad1 Nb3 15. Qe2 Bc6 16. Bc2 Bxe4 17. Bxe4 Nxe4 18. Qxe4 Bd6 19. Bxd6 cxd6 20. Qxb7 Qc8 21. Qb4 Qa6 22. c5 Rab8 23. Qc3 Rfc8 24. Rfe1 Qb7 25. Qc4 dxc5 26. Qxa4 c4 27. Ne5 Rc7 28. Nxc4 Ra8 29.
Na5 Rxa5 30. Qe8+ Kh7 31. Qd8 Rd5 32. Qh4 Rcd7 33. Re4 Qb6 34. h3 Nxd4 35. Rde1 Nf5 36. Qf4 Rd1 37. b4 R7d2 38. g4 Nd6 39. Re5 Rd4 40.
Qf3 Rxe1+ 41. Rxe1 Qb5 42. Re3 Qd5 43. Qxd5 exd5 44.
Re7 Nb5 45. a4 Nc3 46. a5 Rxb4 47. a6 Ra4 48. a7 Nb5 49. Rd7 Rxa7 50. Rxd5 Rb7 51.
Kg2 Nc3 52. Rd8 Re7 53. h4 Ne4 54. Kf3 Nf6 55. g5 hxg5 56. hxg5 Nh5 57. Kg4 g6 58. f3 Ng7 59. Rd1 Ne6 60. Re1 Rc7 61. Re4 Rc5 62. f4 Kg7 63. Ra4 Rd5 64. Kg3 Rd3+ 65. Kg4 Rd4 66.
Rxd4 Nxd4 67. Kg3 Kf8 68. Kf2 Ke7 69. Ke3 Nf5+ 70. Kd3 Ke6 71. Ke4 Nd6+ 72. Kd4 Kf5 73. Kd5 Kxf4 74. Kxd6 Kxg5 75. Ke5 f5 0-1

[Event "Early-Titled-Tuesday-Blitz-October-03-2023"]
[Site "Chess.com"]
[Date "2023.10.03"]
[Round "10"]
[White "Goi_Manne"]
[Black "gtnamfrq"]
[Result "0-1"]
[WhiteElo "2292"]
[BlackElo "2421"]
[TimeControl "180+1"]
[EndTime "9:58:20 PDT"]
[Termination "gtnamfrq won by resignation"]

1. e4 c5 2. Nf3 e6 3. c3 Nf6 4. e5 Nd5 5. g3 d6 6. exd6 Bxd6 7.
Bg2 O-O 8. O-O Nc6 9. d4 cxd4 10. Nxd4 Bd7 11. Nxc6 Bxc6 12. Nd2 Qe7 13. Nc4 Bc7 14. Re1 Rfd8 15. Qc2 Rac8 16. Ne3 Bb6 17. Nxd5 Bxd5 18. Bxd5 Rxd5 19. Be3 Bxe3 20. Rxe3 Rcd8 21. Rae1 Rd2 22. Qb3 Qf6 23. R3e2 Rxe2 24. Rxe2 b6 25. Kg2 h5 26.
Qc4 g6 27. Qc7 h4 28. Qxa7 h3+ 29. Kxh3 Qf3 30. Qxb6 Rd5 31. Qb8+ Kh7 32. Re5 Rd2 33. Qa7 Rxf2 34. Qd4 Qg2+ 35. Kg4 Qxh2 36. a4 Rg2 37.
Qf4 Rxb2 38. Qxf7+ Kh6 39. Qf8+ Kh7 40. Qe7+ Kh6 41.
Qh4+ Qxh4+ 42. Kxh4 Ra2 43. Ra5 e5 44. Rxe5 Rxa4+ 45. Kh3 Rc4 46. Re3 Kg5 47. Rd3 Kf5 48. Kg2 Ke4 49.
Rd6 g5 50. Rg6 Kf5 51. Rg8 Rxc3 52. Rf8+ Kg4 53. Re8 Rc2+ 54. Kf1 Kxg3 55. Re3+ Kh2 56. Re4 Rc1+ 57. Kf2 Rc2+ 58. Kf3 Kh3 59. Ra4 g4+ 60. Kf4 g3 61. Ra3 Kh2 62. Ra8 g2 63. Rh8+ Kg1 64. Kf3 Rc3+ 65. Ke2 Rc7 66. Re8 Rf7 67. Re6 Rh7 68.
Re8 Kh1 69. Rg8 g1=Q 0-1

[Event "Early-Titled-Tuesday-Blitz-October-03-2023"]
[Site "Chess.com"]
[Date "2023.10.03"]
[Round "10"]
[White "UK_23"]
[Black "mmDarko"]
[Result "0-1"]
[WhiteElo "2413"]
[BlackElo "2334"]
[TimeControl "180+1"]
[EndTime "9:58:23 PDT"]
[Termination "mmDarko won by resignation"]

1. e4 e6 2. d4 d5 3. e5 c5 4. c3 Bd7 5. Nf3 Qb6 6. a3 Bb5 7.
Bxb5+ Qxb5 8. dxc5 Bxc5 9. b4 Bb6 10. a4 Qc4 11. a5 Qe4+ 12. Qe2 Bc7 13. Nbd2 Qxe2+ 14. Kxe2 Nd7 15. a6 b6 16. Nd4 Bxe5 17. Nb5 Ne7 18.
Nf3 O-O 19. Bd2 Nc6 20. Rhd1 Rfd8 21. h4 Rac8 22. h5 Bb8 23. h6 g6 24. Rac1 Nce5 25. Nfd4 Nc4 26. Bg5 f6 27. Bh4 Kf7 28. g4 Nde5 29. f3 g5 30. Bf2 Ng6 31. Kf1 Nf4 32.
Bg3 Re8 33. Kf2 Kg6 34. Rc2 Re7 35. Rh1 Nd3+ 36. Kg2 Bxg3 37. Kxg3 Nf4 38. Rcc1 Kf7 39. Rc2 Rd7 40. Re1 Re7 41. Rh1 Kg6 42. Kf2 Kf7 43.
Rd1 Rd7 44. Re1 Re7 45. Rh1 Rd7 46. Kg3 Re7 47. Rhh2 Rd7 48. Rc1 Re7 49. Re1 Rd7 50.
Ra2 Re7 51. Rh2 Rd7 52. Ne2 Nxe2+ 53. Rhxe2 Re7 54. Rd1 Rd8 55. Rd4 Rde8 56. Rxc4 dxc4 57. Nd6+ Kg6 58. Nxc4 Kxh6 59. Nd6 Rd8 60. Nb5 Kg6 61.
Rh2 Rd3 62. Re2 e5 63. Kf2 Red7 64. Re3 Rxe3 65. Kxe3 h5 66. gxh5+ Kxh5 67. Ke4 Kg6 68. Ke3 f5 69. c4 Kf6 70. c5 bxc5 71. bxc5 Rd5 72. Nxa7 Rxc5 73. Kd3 Ra5 74. Nc8 Rxa6 75. Kc4 Rc6+ 0-1

[Event "Early-Titled-Tuesday-Blitz-October-03-2023"]
[Site "Chess.com"]
[Date "2023.10.03"]
[Round "10"]
[White "Fantastic_Power"]
[Black "Beca95"]
[Result "0-1"]
[WhiteElo "2789"]
[BlackElo "3010"]
[TimeControl "180+1"]
[EndTime "9:58:30 PDT"]
[Termination "Beca95 won on time"]

1. e4 c5 2. Nf3 e6 3. d4 cxd4 4. Nxd4 a6 5. Bd3 Bc5 6. Be3 d6 7. Nd2 Nf6 8. c3 Nbd7 9. h3 Qc7 10. O-O Ba7 11. Qe2 Nc5 12. Bc2 e5 13. N4b3 Be6 14.
Nxc5 Bxc5 15. Bb3 Bd7 16. Rad1 b5 17. a3 h6 18. Nf3 Ke7 19. Nh4 g5 20. Nf5+ Bxf5 21.
exf5 Qb6 22. Bxc5 Qxc5 23. Rd3 Rad8 24. Rfd1 h5 25. g3 Rhg8 26. Rd5 Qc7 27. R5d3 g4 28. h4 Qc5 29. Rd5 Qc7 30. R5d3 Qc6 31. Qe3 Qc7 32. Qh6 Qc8 33. Rxd6 Rxd6 34. Rxd6 Qxf5 35. Rxa6 Rd8 36. Ra7+ Rd7 37. Rxd7+ Kxd7 38. Bxf7 Ne4 39. Qe3 Nd6 40. Bb3 e4 41. Bc2 Kc6 42. Qd4 Qf3 43.
a4 b4 44. cxb4 Qe2 45. b5+ Kd7 46. Bd1 Qe1+ 47. Kg2 Kc7 48. Qc5+ Kd7 49. Qd4 Kc7 50. Bb3 Qe2 51. Qc3+ Kd7 52. a5 Nf5 53. b6 e3 54.
Ba4+ Ke7 55. Qc7+ Kf6 56. Qd8+ Ke5 57. Qc7+ Kf6 58. Qd8+ Ke5 59. Qb8+ Kf6 60. Qh8+ Ke6 61. Qe8+ Kf6 62. Qf8+ Ke5 63. Qh8+ Ke6 64. Bb3+ Kd7 65. Qh7+ Ne7 66. Qf7 Qd2 67. Qe6+ Kd8 68. Qxe3 Qxb2 69. a6 Nf5 70. Qd3+ Ke7 71. Qxf5 Qxb3 0-1

[Event "Early-Titled-Tuesday-Blitz-October-03-2023"]
[Site "Chess.com"]
[Date "2023.10.03"]
[Round "10"]
[White "Roedor"]
[Black "noblerone"]
[Result "1-0"]
[WhiteElo "2419"]
[BlackElo "2486"]
[TimeControl "180+1"]
[EndTime "9:58:43 PDT"]
[Termination "Roedor won on time"]

1. d4 d5 2. c4 c6 3. Nf3 Nf6 4.
e3 Bg4 5. Nc3 e6 6. h3 Bh5 7. g4 Bg6 8. Ne5 Nfd7 9. Nxg6 hxg6 10. Bg2 Nf6 11. Qb3 Qc7 12. Bd2 Nbd7 13. Rc1 Nb6 14.
cxd5 exd5 15. Nxd5 Nbxd5 16. Bxd5 Nxd5 17. Qxd5 Be7 18. a3 Qb6 19. Qa2 Bh4 20. Bb4 Qb5 21. Qc4 Qg5 22.
Ke2 O-O-O 23. Qc5 Qxc5 24. Bxc5 a6 25. a4 Rhe8 26. Kf3 Rd5 27. b4 Be7 28. Bxe7 Rxe7 29. Rc5 Rd6 30. Rhc1 Kd7 31. b5 axb5 32. axb5 f6 33.
bxc6+ Rxc6 34. Rxc6 bxc6 35. Ra1 Kd6 36. Ra6 Rb7 37. e4 Kd7 38. d5 cxd5 39. exd5 Rb3+ 40. Ke4 Rb4+ 41. Kd3 Rb3+ 42. Kc4 Rf3 43. Ra7+ Kd6 44. Rxg7 Rf4+ 45. Kd3 g5 46. Ke3 Kxd5 47. f3 Ke6 48.
h4 Ra4 49. h5 Ra1 50. Kf2 Rh1 51. Kg2 Rh4 52. Ra7 Ke5 53. Ra5+ Ke6 54. Rf5 Ke7 55. Kg3 Rh1 56. f4 gxf4+ 57. Rxf4 Ke6 58. Rf2 Rg1+ 59.
Rg2 Ra1 60. Kh4 Kf7 61. Rb2 Ra7 62. Rb6 Kg7 63. Kg3 Rc7 64. Rb5 Ra7 65. Kf4 Rc7 66.
Kf5 Ra7 67. Rd5 Rf7 68. Ke6 Rf8 69. Rd7+ Kh6 70. Rf7 Ra8 71. Rxf6+ Kg7 72. Rg6+ Kh7 73. Kf5 Ra5+ 74. Kf4 Ra4+ 75. Kg5 Ra5+ 76. Kh4 Ra4 77.
Rb6 Ra7 78. h6 Rc7 79. g5 Ra7 80. Kh5 Kh8 81. g6 Ra8 82. Kg4 Rc8 83. Kf5 Ra8 84. Re6 Rf8+ 85. Ke5 Ra8 86. Kf6 Rf8+ 87. Ke7 Rg8 88.
Rd6 1-0

[Event "Early-Titled-Tuesday-Blitz-October-03-2023"]
[Site "Chess.com"]
[Date "2023.10.03"]
[Round "10"]
[White "isaak2009"]
[Black "Barmen_EV"]
[Result "0-1"]
[WhiteElo "2538"]
[BlackElo "2467"]
[TimeControl "180+1"]
[EndTime "9:58:46 PDT"]
[Termination "Barmen_EV won on time"]

1. Nf3 Nf6 2. d4 g6 3. Bf4 Bg7 4. Nbd2 O-O 5. e3 d6 6. h3 Re8 7. c3 Nc6 8. Bc4 e5 9. Bh2 e4 10. Ng1 Be6 11. Bxe6 Rxe6 12. Qb3 Rb8 13. d5 Na5 14. Qa4 Nxd5 15. Qxa5 Nf6 16. Ne2 b6 17.
Qa6 c5 18. O-O Nd5 19. Nf4 Nxf4 20. Bxf4 g5 21. Bg3 g4 22. h4 Bf6 23. Qc4 Bxh4 24.
Qd5 Qg5 25. Qxg5+ Bxg5 26. Nc4 Rd8 27. Nxd6 Be7 28. Nf5 Rd2 29. Nxe7+ Rxe7 30. b3 Red7 31. c4 f5 32. Rfc1 h5 33. Kf1 Rb2 34. Rd1 Rxd1+ 35.
Rxd1 Rxa2 36. Rd5 Rb2 37. Rd8+ Kf7 38. Rd7+ Ke6 39. Rxa7 Rxb3 40. Rh7 Rb4 41. Rxh5 Kd7 42. Rh6 Kc8 43. Rf6 Kb7 44. Rxf5 Rxc4 45. Ke2 b5 46. Kd2 b4 47. Rf8 Ka6 48. Ra8+ Kb5 49.
Be5 b3 50. Bc3 Kc6 51. Ra3 Kd5 52. Rxb3 Ra4 53. Rb2 Ra8 54. Ke2 Rf8 55. Rd2+ Kc4 56. Be5 Kb3 57. Rb2+ Ka3 58. Rc2 Rc8 59. Bd6 Kb3 60.
Rxc5 Rd8 61. Be5 Kb4 62. Rc2 Re8 63. Bd4 Rf8 64. Rb2+ Kc4 65. Rd2 g3 66. fxg3 Rg8 67. Kf2 Rf8+ 68. Kg1 Rg8 69. Be5 Re8 70. Bf4 Kc3 71.
Rf2 Kd3 72. g4 Rg8 73. g5 Kc4 74. g3 Kd5 75. Kg2 Ke6 76. Rd2 Kf5 77. Rd6 Kg4 78. Rd2 Rh8 79. Kf1 Rc8 80. Ke2 Kf5 81. Rd5+ Kg4 82. Kd2 Ra8 83. Kc3 Ra3+ 84. Kd4 Ra4+ 85.
Ke5 Ra8 86. Kxe4 Re8+ 87. Kd4 Ra8 88. e4 Ra4+ 89. Ke5 Ra8 90. Rd6 Re8+ 91. Kd5 Ra8 92. e5 Ra5+ 93. Ke6 Ra8 94. Kf6 Rf8+ 95. Ke7 Ra8 96. e6 Ra7+ 97. Rd7 Ra8 98. Kd6 Ra6+ 99. Kc7 Ra7+ 0-1